 Dungeon Sprint DCSS version 0.28.0-43-g3370ac3207 (webtiles) character file.

Game seed: 9626484654100465384

143 Groucho the Covert (level 5, -7/36 HPs)
             Began as a Spriggan Enchanter on Mar 27, 2022.
             Mangled by a wyvern (8 damage)
             ... in the Dungeon (Sprint II: "The Violet Keep of Menkaure").
             The game lasted 00:00:21 (18 turns).

Groucho the Covert (Spriggan Enchanter)               Turns: 18, Time: 00:00:21

Health: -7/36      AC:  2    Str:  6    XL:     5   Next: 4%
Magic:  6/15       EV: 17    Int: 16    God:
Gold:   0          SH:  0    Dex: 16    Spells: 17/17 levels left

rFire   . . .      SeeInvis +   a - +1 dagger
rCold   . . .      Faith    .   (no shield)
rNeg    . . .      Spirit   .   b - +0 robe
rPois   .          Reflect  .   (helmet restricted)
rElec   .          Harm     .   (no cloak)
rCorr   .          Rampage  .   (gloves unavailable)
Will    .....      NoTele   +   (boots unavailable)
Stlth   ..........              (no amulet)
HPRegen 0.12/turn               (no ring)
MPRegen 0.14/turn               (no ring)

@: berserking (expiring), very quick
A: very small, no large weapons, unfitting armour, see invisible, speed 3
a: no special abilities


You were in the Dungeon.
You visited 1 branch

Inventory:

Hand Weapons
 a - a +1 dagger (weapon)
Armour
 b - a +0 robe (worn)
Scrolls
 i - a scroll of blinking
Potions
 c - a potion of invisibility
 d - a potion of curing
 e - a potion of heal wounds
 f - a potion of haste
 g - 2 potions of magic


   Skills:
 - Level 1.1 Short Blades
 - Level 2.6 Dodging
 * Level 11.8 Stealth
 + Level 6.5 Spellcasting
 + Level 7.0 Hexes


You had 17 spell levels left.
You didn't know any spells.
Your spell library contained the following spells:

 Spells                   Type           Power      Damage    Failure   Level
 Confusing Touch          Hex            27%        N/A       2%          3
 Tukima's Dance           Hex            27%        N/A       2%          3
 Ensorcelled Hibernation  Hex/Ice        32%        N/A       4%          2
 Dazzling Flash           Conj/Hex       32%        N/A       9%          3


Dungeon Overview and Level Annotations

Branches:
Dungeon (1/1)

Altars:


Innate Abilities, Weirdness & Mutations

You are very small and have problems with some larger weapons.
You are too small for most types of armour.
You have supernaturally acute eyesight. (SInv)
You cover ground extremely quickly. (Speed+++)


Message History

The wyvern closely misses you.
You closely miss the wyvern.
The wyvern is severely wounded.
The wyvern completely misses you.
You hit the wyvern.
The wyvern is almost dead.
The wyvern closely misses you.
You closely miss the wyvern.
The wyvern is almost dead.
The wyvern bites you.
You hit the wyvern.
You kill the wyvern!
Your Stealth skill gained 7 levels and is now at level 11!
Your Spellcasting skill gained 4 levels and is now at level 6!
Your Hexes skill gained 4 levels and is now at level 7!
You have reached level 2!
You have reached level 3!
Your experience leads to an increase in your attributes!
Increase (S)trength, (I)ntelligence, or (D)exterity?
You feel stronger. x2
You have reached level 4!
You have reached level 5!
You feel agile.
Unknown command.
You barely miss the wyvern. The wyvern closely misses you.
You closely miss the wyvern. You punch the wyvern.
The wyvern is lightly wounded.
You completely miss the wyvern.
The wyvern is lightly wounded.
The wyvern barely misses you.
You hit the wyvern but do no damage.
The wyvern is lightly wounded.
The wyvern bites you!!
Ouch! That really hurt!
* * * LOW HITPOINT WARNING * * *
You closely miss the wyvern.
The wyvern is lightly wounded.
The wyvern hisses menacingly.
The wyvern bites you!
You die...

# # #s #+#
.#
#s.##.##.#
#+.<@l#
#s.##.##.#
#s #+# .#
# #


You could see a wyvern.

Vanquished Creatures
  A wyvern (D)
1 creature vanquished.

Notes
Turn   | Place    | Note
-------+----------+-------------------------------------------
     0 | D        | Groucho the Spriggan Enchanter began the quest for the Orb.
     0 | D        | Reached XP level 1. HP: 9/9 MP: 5/5
     1 | D        | Noticed a scorpion
     1 | D        | Noticed a scorpion
     1 | D        | Noticed a scorpion
     1 | D        | Noticed a scorpion
     5 | D        | Noticed a wyvern
     5 | D        | Noticed a wyvern
    13 | D        | Killed a wyvern
    14 | D        | Reached skill level 11 in Stealth
    14 | D        | Reached XP level 2. HP: 10/13 MP: 5/10
    14 | D        | Reached XP level 3. HP: 13/16 MP: 6/12
    14 | D        | Reached XP level 4. HP: 17/21 MP: 6/13
    14 | D        | Reached XP level 5. HP: 20/24 MP: 6/15
    17 | D        | HP: 1/36 [wyvern (19)]
    18 | D        | Mangled by a wyvern

Illustrated notes

Levels and vault maps discovered:
D:        the_violet_keep_of_menkaure [sprint2_stairs_cluster_1,
          sprint2_shoproom, sprint2_temple, sprint2_basic_supplies,
          sprint2_obstacle_4, sprint2_obstacle_6, sprint2_obstacle_7,
          sprint2_obstacle_1, sprint2_obstacle_5, sprint2_timed_cluster_1,
          sprint2_smallroom_cluster_1, sprint2_smallroom_final_cluster_1,
          sprint2_transparent_cluster_1, sprint2_second_timed_cluster_1,
          sprint2_sniper_area_1, sprint2_heavy_combat_area_1,
          sprint2_mutation_trap_area_1, sprint2_forest_area_1,
          sprint2_light_combat_area_1, sprint2_behind_water_1,
          sprint2_near_end_vault_1]

Skill      XL: |  1 |
---------------+----+-----
Stealth        | 11 | 11.8
Spellcasting   | 6 |  6.5
Hexes          | 7 |  7.0
Short Blades   | |  1.1
Dodging        | |  2.6

Action                   |  1- 3 |  4- 6 || total
-------------------------+-------+-------++-------
Melee: Dagger            |     7 |     5 ||    12
       Punch             |       |     1 ||     1
  Use: Potion            |     1 |       ||     1
Dodge: Dodged            |     5 |     2 ||     7
